 Dungeon Crawl Stone Soup version 0.28-a0-1339-ga5422284a4 (webtiles) character file.

Game seed: 16131639289457483534

12 sanka the Cudgeller (level 2, -1/29 HPs)
             Began as a Gnoll Cinder Acolyte on Dec 28, 2021.
             Was a High Priest of Ignis.
             Slain by a kobold (4 damage)
             ... on level 1 of the Dungeon.
             The game lasted 00:00:23 (150 turns).

sanka the Cudgeller (Gnoll Cinder Acolyte)           Turns: 150, Time: 00:00:24

Health: -1/29      AC:  2    Str: 13    XL:     2   Next: 33%
Magic:  5/5        EV: 11    Int: 13    God:    Ignis [*****.]
Gold:   6          SH:  0    Dex:  7    Spells: 6/6 levels left

rFire   + . .      SeeInvis .   a - -1 mace (flame)
rCold   . . .      Faith    .   (no shield)
rNeg    . . .      Spirit   .   b - +0 robe
rPois   .          Reflect  .   (no helmet)
rElec   .          Harm     .   (no cloak)
rCorr   .          Rampage  .   (no gloves)
Will    .....                   (no boots)
Stlth   +.........              (no amulet)
HPRegen 0.09/turn               (no ring)
MPRegen 0.09/turn               (no ring)

@: no status effects
A: fangs 1, strong nose, distributed training
a: Renounce Religion, Fiery Armour, Foxfire Swarm, Rising Flame


You were on level 1 of the Dungeon.
You worshipped Ignis.
Ignis was extremely pleased with you.
You visited 1 branch of the dungeon, and saw 1 of its levels.

You collected 6 gold pieces.


Innate Abilities, Weirdness & Mutations

You have very sharp teeth.
Your uncanny sense of smell can sniff out nearby items.
Your experience applies equally to all skills.


   Skills:
 + Level 6.4 Fighting
 + Level 0.3 Short Blades
 + Level 0.3 Long Blades
 + Level 0.3 Axes
 + Level 6.4 Maces & Flails
 + Level 0.3 Polearms
 + Level 0.3 Staves
 + Level 0.3 Slings
 + Level 0.3 Bows
 + Level 0.3 Crossbows
 + Level 0.3 Throwing
 + Level 0.3 Armour
 + Level 0.3 Dodging
 + Level 0.3 Stealth
 + Level 0.3 Shields
 + Level 0.3 Unarmed Combat
 + Level 2.7 Spellcasting
 + Level 0.2 Conjurations
 + Level 0.2 Hexes
 + Level 0.2 Summonings
 + Level 0.2 Necromancy
 + Level 0.2 Translocations
 + Level 0.2 Transmutations
 + Level 5.3 Fire Magic
 + Level 0.2 Ice Magic
 + Level 0.2 Air Magic
 + Level 0.2 Earth Magic
 + Level 0.2 Poison Magic
 + Level 0.4 Invocations
 + Level 0.3 Evocations


You had 6 spell levels left.
You didn't know any spells.
Your spell library contained the following spells:

 Spells                   Type           Power      Damage    Failure   Level
 Scorch                   Fire           30%        2d7       4%          2

Inventory:

Hand Weapons
 a - a -1 mace of flaming (weapon)
Armour
 b - a +0 robe (worn)
Scrolls
 c - a scroll of identify {unknown}

Dungeon Overview and Level Annotations

Branches:
Dungeon (1/15)

Altars:

.... ▒▒..▒ ▒... ....
▒▒..▒▒▒▒... >....
▒..>.......
....▒▒▒▒..........
.......▒..........
▒▒▒▒▒▒▒.^...........
.....▒K.▒▒.........
∆ ▒...▒.J...........
▒g▒.▒.▒▒▒▒▒▒▒▒▒▒▒▒
▒K▒....▒ ▒......▒
▒▒▒.▒▒.▒▒▒▒▒▒▒▒▒▒
▒....▒▒.......▒▒
▒▒▒▒▒▒....<....▒
▒▒...............
▒...⌠....▒▒+▒▒...
▒........▒...▒...


You could see a kobold.


Message History

You bite the endoplasm, but do no damage.
The endoplasm hits you but does no damage.
You hit the endoplasm. You burn the endoplasm.
The endoplasm is moderately wounded.
The endoplasm freezes you.
You are frozen.
* * * LOW HITPOINT WARNING * * *
You hit the endoplasm. You burn the endoplasm.
You kill the endoplasm!
You barely miss the kobold. You bite the kobold.
The kobold is moderately wounded.
The kobold misses you.
The kobold hits you with a +0 short sword.
* * * LOW HITPOINT WARNING * * *
You hit the kobold but do no damage.
The kobold is moderately wounded.
The kobold closely misses you.
You barely miss the kobold.
The kobold is moderately wounded.
The kobold misses you.
You hit the kobold but do no damage.
The kobold is moderately wounded.
The kobold misses you.
You barely miss the kobold.
The kobold is moderately wounded.
The kobold hits you with a +0 short sword.
You die...

Action                   || total
-------------------------++-------
Melee: Mace              ||    28
       Bite              ||     3
Armor: Robe              ||     4
Dodge: Dodged            ||    20

Levels and vault maps discovered:
D:1:      giann_wishing_wells, layout_basic,
          chequers_ecumenical_altar_simple_redux

Notes
Turn   | Place    | Note
-------+----------+-------------------------------------------
     0 | D:1      | sanka the Gnoll Cinder Acolyte began the quest for the Orb.
     0 | D:1      | Reached XP level 1. HP: 23/23 MP: 4/4
   108 | D:1      | Reached XP level 2. HP: 27/29 MP: 5/5
   146 | D:1      | HP: 2/29 [kobold (2)]
   150 | D:1      | Slain by a kobold

Vanquished Creatures
  A ball python (D:1)
  2 endoplasms (D:1)
  A goblin (D:1)
  2 jackals (D:1)
  2 kobolds (D:1)
  A quokka (D:1)
9 creatures vanquished.
